 Dungeon Sprint DCSS version 0.30.1-11-g7821555f0a (webtiles) character file.

Game seed: 11703907179629966555

2581 Heoruswealwe the Impaler (level 9, -7/93 HPs)
             Began as a Minotaur Fighter on Dec 27, 2023.
             Was an Initiate of Gozag.
             Mangled by a catoblepas (11 damage)
             ... while petrified by a catoblepas
             ... in the Dungeon (Sprint IX: "|||||||||||||||||||||||||||||").
             The game lasted 00:04:46 (428 turns).

Heoruswealwe the Impaler (Minotaur Fighter)          Turns: 428, Time: 00:04:47

Health: -7/93      AC: 17    Str: 26    XL:     9   Next: 32%
Magic:  8/8        EV:  2    Int:  5    God:    Gozag
Gold:   549        SH:  0    Dex:  9    Spells: 8/8 levels left

rFire   . . .        b - +2 halberd (venom)
rCold   . . .        (shield currently unavailable)
rNeg    + + +        c - +0 plate armour
rPois   ∞            (helmet restricted)
rElec   .            (no cloak)
rCorr   .            f - +0 pair of gloves
SInv    .            (no boots)
Will    .....        (no amulet) Stlth
                     k - +2 ring of evasion
HPRegen 0.35/turn    (no ring)
MPRegen 0.11/turn

%: no teleportation
@: petrified, gold aura
A: horns 2, retaliatory headbutt
a: Renounce Religion, Potion Petition, Call Merchant, Bribe Branch


You were in the Dungeon.
You worshipped Gozag.
Gozag was pleased with you.
You visited 1 branch You collected 549 gold pieces.

Inventory:

Hand Weapons
 a - a +0 trident
 b - a +2 halberd of venom (weapon)
Armour
 c - a +0 plate armour (worn)
 d - a +0 buckler
 f - a +0 pair of gloves (worn)
Jewellery
 k - a +2 ring of evasion (left hand)
Wands
 h - a wand of light (10)
Scrolls
 j - 2 scrolls of blinking
Potions
 e - 5 potions of curing
 g - a potion of haste
 i - a potion of berserk rage
 l - a potion of heal wounds
 m - a potion of might


   Skills:
 + Level 13.3 Fighting
 * Level 17.9 Polearms
 + Level 13.3 Armour
 - Level 3.6 Shields


You had 8 spell levels left.
You didn't know any spells.
Your spell library was empty.

Dungeon Overview and Level Annotations

Branches:
Dungeon (1/1)

Altars:
Cheibriados
Dithmenos
Elyvilon
Fedhas
Gozag
Hepliaklqana
Kikubaaqudgha
Makhleb
Nemelex Xobeh
Okawaru
Qazlal
Ru
Sif Muna
Trog
Uskayaw
Vehumet
Wu Jian
Xom
Yredelemnul
Zin
The Shining One
Jiyva
Lugonu


Innate Abilities, Weirdness & Mutations

You have a pair of horns on your head.
You reflexively headbutt those who attack you in melee.


Message History

You turn to flesh and can move again.
The cyclops is no longer petrified.
You puncture the cyclops!
The cyclops looks as sick as possible!
Your headbutt misses the cyclops.
The cyclops is moderately wounded.
You completely miss the cyclops.
The cyclops is moderately wounded.
The cyclops closely misses you. You furiously retaliate!
You headbutt the cyclops! You slash the cyclops!
The cyclops looks as sick as possible!
The cyclops is severely wounded.
You slash the cyclops!
You kill the cyclops!
The catoblepas breathes a plume of calcifying dust at you.
The blast of calcifying dust hits you but does no damage.
You are engulfed in calcifying dust.
You are slowing down.
The catoblepas barely misses you. You furiously retaliate!
You headbutt the catoblepas.
Things that are here:
216 gold pieces; 3 large rocks You impale the catoblepas!!
The catoblepas looks as sick as possible!
You headbutt the catoblepas, but do no damage.
The catoblepas is moderately wounded.
You are engulfed in calcifying dust.
Your limbs have turned to stone.
The catoblepas gores you!!
You have turned to stone.
You are engulfed in calcifying dust.
The catoblepas gores you!
You are engulfed in calcifying dust.
The catoblepas gores you!!
* * * LOW HITPOINT WARNING * * *
You are engulfed in calcifying dust.
The catoblepas gores you!!
* * * LOW HITPOINT WARNING * * *
You are engulfed in calcifying dust.
The catoblepas gores you!
* * * LOW HITPOINT WARNING * * *
You are engulfed in calcifying dust.
The catoblepas gores you!
* * * LOW HITPOINT WARNING * * *
The swamp dragon is distracted by your dazzling golden aura.
The catoblepas gores you!!
You die...
Your body crumbles into a pile of gold. $$$$$ $ $ $ $$$$$ $ ▓▓▓▓▓▓▓▓▓▓▓▓▓▓▓▓▓▓▓▓▓▓▓▓▓ .....$DY@....[...=[[)?!'_ ▓▓▓▓▓▓▓▓▓▓▓▓▓▓▓▓▓▓▓▓▓▓▓▓▓

You could see a catoblepas (extremely poisoned) and a swamp dragon (unaware).

Vanquished Creatures
  2 centaur warriors (D)
  A cyclops (D)
  A rime drake (shapeshifter) (D)
  2 trolls (D)
  A wyvern (D)
  An ice beast (D)
  An orc warrior (D)
  A kobold brigand (D)
  A howler monkey (D)
  An iguana (D)
  A gnoll (D)
  An orc (D)
  An endoplasm (D)
  A goblin (D)
  A jackal (D)
  A quokka (D)
  A frilled lizard (D)
  A kobold (D)
20 creatures vanquished.

Notes
Turn   | Place    | Note
-------+----------+-------------------------------------------
     0 | D        | Heoruswealwe the Minotaur Fighter began the quest for the
                  | Orb.
     0 | D        | Reached XP level 1. HP: 19/19 MP: 0/0
     6 | D        | Reached skill level 3 in Polearms
    18 | D        | Noticed an iguana
    18 | D        | Noticed an ice beast
    21 | D        | Reached skill level 4 in Polearms
    22 | D        | Reached XP level 2. HP: 28/28 MP: 1/1
    26 | D        | Killed an ice beast
    27 | D        | Reached skill level 8 in Polearms
    27 | D        | Reached XP level 3. HP: 14/38 MP: 2/2
    27 | D        | Reached XP level 4. HP: 17/45 MP: 3/3
    31 | D        | HP: 1/45 [iguana (11)]
    40 | D        | Reached XP level 5. HP: 12/52 MP: 4/4
    46 | D        | Found a snail-covered altar of Cheibriados.
    46 | D        | Found a shadowy altar of Dithmenos.
    46 | D        | Found a white marble altar of Elyvilon.
    46 | D        | Found a blossoming altar of Fedhas.
    46 | D        | Found an opulent altar of Gozag.
    47 | D        | Found a hazy altar of Hepliaklqana.
    48 | D        | Found a viscous altar of Jiyva.
    49 | D        | Found an ancient bone altar of Kikubaaqudgha.
    50 | D        | Found a corrupted altar of Lugonu.
    51 | D        | Found a burning altar of Makhleb.
    52 | D        | Found a sparkling altar of Nemelex Xobeh.
    53 | D        | Found an iron altar of Okawaru.
    54 | D        | Became a worshipper of Gozag Ym Sagoz the Greedy
    55 | D        | Found a stormy altar of Qazlal.
    56 | D        | Found a sacrificial altar of Ru.
    57 | D        | Found a shimmering blue altar of Sif Muna.
    58 | D        | Found a bloodstained altar of Trog.
    59 | D        | Found a hide-covered altar of Uskayaw.
    60 | D        | Found a radiant altar of Vehumet.
    61 | D        | Found an ornate altar of the Wu Jian Council.
    62 | D        | Found a shimmering altar of Xom.
    63 | D        | Found a basalt altar of Yredelemnul.
    64 | D        | Found a glowing silver altar of Zin.
    65 | D        | Found a glowing golden altar of the Shining One.
   183 | D        | Noticed a troll
   183 | D        | Noticed a troll
   183 | D        | Noticed an orc warrior
   183 | D        | Noticed a wyvern
   187 | D        | Reached skill level 9 in Polearms
   191 | D        | Killed a wyvern
   192 | D        | Reached skill level 11 in Polearms
   192 | D        | Reached XP level 6. HP: 37/62 MP: 5/5
   193 | D        | Killed an orc warrior
   194 | D        | Reached skill level 12 in Polearms
   197 | D        | Killed a troll
   198 | D        | Reached skill level 10 in Fighting
   198 | D        | Reached skill level 13 in Polearms
   198 | D        | Reached skill level 10 in Armour
   198 | D        | Reached XP level 7. HP: 28/72 MP: 6/6
   208 | D        | Killed a troll
   209 | D        | Reached skill level 14 in Polearms
   378 | D        | Noticed a catoblepas
   378 | D        | Noticed a culicivora
   378 | D        | Noticed a cyclops
   378 | D        | Noticed a centaur warrior
   378 | D        | Noticed a rime drake
   378 | D        | Noticed a centaur warrior
   380 | D        | Killed a centaur warrior
   381 | D        | Reached skill level 15 in Polearms
   381 | D        | Reached XP level 8. HP: 80/83 MP: 7/7
   386 | D        | Killed a rime drake
   387 | D        | Reached skill level 16 in Polearms
   391 | D        | Killed a centaur warrior
   392 | D        | Reached skill level 17 in Polearms
   392 | D        | Reached XP level 9. HP: 35/93 MP: 8/8
   406 | D        | Noticed a swamp dragon
   420 | D        | Killed a cyclops
   427 | D        | HP: 4/93 [catoblepas (4)]
   428 | D        | Mangled by a catoblepas

Illustrated notes

Levels and vault maps discovered:
D:        linesprint [early_d, line_temple, items_1, d_10, items_2, lair_1,
          lair_end, items_3, orc_1, orc_end, items_4, d_15, swamp_1, shoals_1,
          snake_1, spider_1, d_20, vaults_1, items_5, swamp_end, shoals_end,
          snake_end, spider_end, vaults_end, d_27, items_6, zot_1, zot_end,
          crypt_end, forest_end, elf_end, slime_end, tomb_end, abyss_end,
          pan_hell_end]

Skill      XL: |  1  2  3  4  5  6  7  8 |
---------------+-------------------------+-----
Polearms       | 4 8 11 13 15 17 | 17.9
Fighting       | 4 6 7 8 10 12 13 | 13.3
Armour         | 4 6 7 8 10 11 13 | 13.3
Shields        | |  3.6

Action                     |  1- 3 |  4- 6 |  7- 9 || total
---------------------------+-------+-------+-------++-------
  Melee: Trident           |    11 |    12 |       ||    23
         Headbutt          |     3 |     4 |     5 ||    12
         Halberd           |       |    14 |    25 ||    39
    Use: Potion            |       |     1 |     1 ||     2
 Armour: Scale mail        |     3 |     1 |       ||     4
         Ring mail         |       |     2 |     2 ||     4
         Plate armour      |       |       |     8 ||     8
  Dodge: Dodged            |     3 |     7 |    10 ||    20
  Block: Buckler           |       |     2 |       ||     2
